 Dungeon Crawl Stone Soup version 0.19.5 (webtiles) character file.

619 wolfsongas the Basher (level 7, -5/57 HPs)
             Began as a Minotaur Fighter on May 5, 2017.
             Was a Follower of Okawaru.
             Slain by zephy's ghost (11 damage)
             ... in a sewer.
             The game lasted 00:13:08 (3796 turns).

wolfsongas the Basher (Minotaur Fighter)            Turns: 3796, Time: 00:13:08

Health: -5/57      AC: 12    Str: 17 (20) XL:     7   Next: 21%
Magic:  4/6        EV:  9    Int:  4 (5)  God:    Okawaru [*.....]
Gold:   126        SH:  0    Dex: 11 (12) Spells: 0 memorised, 6 levels left

rFire  + . .     SeeInvis .     v - +0 morningstar
rCold  x . .     Gourm    .     j - +1 chain mail
rNeg   + . .     Faith    +     (no shield)
rPois  .         Spirit   .     (helmet restricted)
rElec  .         Reflect  .     (no cloak)
rCorr  .         Harm     .     (no gloves)
MR     .....                    (no boots)
Stlth  ..........               g - amulet of faith
                                e - ring of fire
                                q - ring of positive energy

@: heroism
A: retaliatory headbutt, horns 2
a: Heroism, Renounce Religion


You were in a sewer.
You worshipped Okawaru.
Okawaru was aware of your devotion.
You were not hungry.

You visited 1 branch of the dungeon, and saw 5 of its levels.
You also visited: Sewer.

You collected 252 gold pieces.
You spent 126 gold pieces at shops.

Inventory:

Hand Weapons
 v - a +0 morningstar (weapon)
Armour
 c - a +0 shield
 j - a +1 chain mail (worn)
Jewellery
 d - an uncursed ring of magical power
 e - a ring of fire (right hand)
 g - an amulet of faith (around neck)
 q - a ring of positive energy (left hand)
Scrolls
 k - a scroll of recharging
 r - 2 scrolls of identify
 s - a scroll of enchant armour
Potions
 n - a potion of degeneration
 t - 2 potions of flight
Comestibles
 f - 5 bread rations
 h - 3 meat rations
 i - 5 fruits
 o - a slice of pizza


   Skills:
 - Level 3.6(8.6) Fighting
 * Level 9.6(14.6) Maces & Flails
 - Level 3.6(8.6) Armour
 - Level 3.6(8.6) Shields


You had 6 spell levels left.
You didn't know any spells.

Dungeon Overview and Level Annotations

Branches:
Dungeon (5/15)             Temple (0/1) D:4

Altars:
Ashenzari
Elyvilon
Gozag
Makhleb
Okawaru
Uskayaw

Shops:
D:4 ?

Annotations:
Sewer zephy's ghost, amateur MiFi


Innate Abilities, Weirdness & Mutations

You reflexively headbutt those who attack you in melee.
You have a pair of horns on your head.


Message History

Zephy's ghost is moderately damaged.
Zephy's ghost hits you!
* * * LOW HITPOINT WARNING * * *
Okay, then.
You gain the combat prowess of a mighty hero.
Zephy's ghost completely misses you.
You puncture zephy's ghost! Your headbutt misses zephy's ghost.
Zephy's ghost is heavily damaged.
Zephy's ghost barely misses you.
You puncture zephy's ghost!
Zephy's ghost is severely damaged.
Zephy's ghost says, "You must not succeed where I failed!"
Zephy's ghost closely misses you. You furiously retaliate!
You headbutt zephy's ghost.
Your unstable footing causes you to fumble your attack.
You closely miss zephy's ghost.
You headbutt zephy's ghost, but do no damage.
Zephy's ghost is severely damaged.
Zephy's ghost hits you!
You die...

#≈≈≈# ≈≈ ≈.≈.≈≈ #≈≈≈#
≈≈#.≈.#≈ #≈W≈# ≈#.≈.≈
#≈≈≈# ≈.≈.# #≈≈≈#
#.≈.# #≈≈≈# #≈..#
##≈##########.########
#≈≈.#..(.(.#...#†.....
#≈)≈W@≈≈.≈≈.≈≈≈.≈.≈≈.≈
#≈≈≈#≈≈≈≈≈≈#≈≈≈#≈≈≈≈≈≈
##≈##########≈########
#≈≈≈ #≈≈≈# #≈≈≈ #≈≈≈#
#≈≈≈# #≈≈≈# #≈≈≈#
#≈≈≈# #≈≈≈#


You could see zephy's ghost.

Vanquished Creatures
  An ogre (D:5)
  A bullfrog (D:4)
  3 orc priests
  A hound (D:2)
  An iguana (D:4)
  A centaur skeleton (D:4)
  Natasha (D:2)
  3 worker ants (D:4)
  Robin (D:3)
  4 gnolls (D:4)
  3 adders
  2 river rats (D:5)
  A shadow imp (D:5)
  An ooze (Sewer)
  An adder skeleton (D:4)
  3 worms
  2 dart slugs
  4 leopard geckos
  6 orcs
  5 bats
  4 giant cockroaches
  13 goblins
  5 hobgoblins
  8 kobolds
  3 quokkas
  A ball python (D:5)
  4 frilled lizards
  A leopard gecko skeleton (D:4)
  A quokka skeleton (D:4)
  A quokka zombie (D:5)
  13 rats
99 creatures vanquished.

Notes
Turn   | Place    | Note
-------+----------+-------------------------------------------
     0 | D:1      | wolfsongas the Minotaur Fighter began the quest for the Orb.
     0 | D:1      | Reached XP level 1. HP: 19/19 MP: 0/0
    79 | D:1      | Reached skill level 3 in Maces & Flails
   197 | D:1      | Reached XP level 2. HP: 26/26 MP: 1/1
   504 | D:2      | Found a burning altar of Makhleb.
   521 | D:2      | Reached skill level 4 in Maces & Flails
   521 | D:2      | Reached XP level 3. HP: 18/31 MP: 2/2
   587 | D:2      | Noticed Natasha
   595 | D:2      | Killed Natasha
   595 | D:2      | Reached skill level 5 in Maces & Flails
   595 | D:2      | Reached XP level 4. HP: 24/39 MP: 3/3
   660 | D:2      | Found a shattered altar of Ashenzari.
   683 | D:2      | Found a hide-covered altar of Uskayaw.
   771 | D:2      | Found a white marble altar of Elyvilon.
  1055 | D:3      | Found an opulent altar of Gozag.
  1243 | D:3      | Found an iron altar of Okawaru.
  1253 | D:3      | Became a worshipper of Warmaster Okawaru
  1310 | D:3      | Noticed Robin
  1324 | D:3      | Killed Robin
  1324 | D:3      | Reached skill level 6 in Maces & Flails
  1829 | D:4      | Reached XP level 5. HP: 45/45 MP: 4/4
  1859 | D:4      | Got a thick robe
  1860 | D:4      | Identified the cursed +1 robe "Uku Viog" {MP+9} (You found it on level 4 of the Dungeon)
  1966 | D:4      | Reached skill level 7 in Maces & Flails
  2168 | D:4      | Reached XP level 6. HP: 51/51 MP: 5/5
  2181 | D:4      | Found Contofup's Magic Scroll Boutique.
  2188 | D:4      | Bought a scroll of enchant armour for 82 gold pieces
  2188 | D:4      | Bought a scroll of identify for 22 gold pieces
  2188 | D:4      | Bought a scroll of identify for 22 gold pieces
  2210 | D:4      | Reached * piety under Okawaru
  2367 | D:4      | Reached skill level 8 in Maces & Flails
  2870 | D:4      | Found a staircase to the Ecumenical Temple.
  3074 | D:5      | Entered Level 5 of the Dungeon
  3116 | D:5      | Got a twisted trident
  3117 | D:5      | Identified the +4 trident "Giant's Toothpick" {venom, rN+} (You found it on level 5 of the Dungeon)
  3216 | D:5      | Reached skill level 9 in Maces & Flails
  3216 | D:5      | Reached XP level 7. HP: 5/57 MP: 6/6
  3681 | D:5      | Found a glowing drain.
  3706 | Sewer    | Entered a sewer
  3774 | Sewer    | Noticed zephy's ghost (amateur MiFi)
  3796 | Sewer    | Slain by zephy's ghost

Skill      XL: |  1  2  3  4  5  6 |
---------------+-------------------+-----
Maces & Flails | 3 4 5 6 7 9 |  9.6
Fighting       | |  3.6
Armour         | |  3.6
Shields        | |  3.6

Action                   |  1- 3 |  4- 6 |  7- 9 || total
-------------------------+-------+-------+-------++-------
Melee: Flail             |    59 |   160 |    17 ||   236
       Headbutt          |     7 |    28 |     8 ||    43
       Morningstar       |       |       |    36 ||    36
Invok: Heroism           |       |       |     1 ||     1
  Use: Scroll            |     6 |     8 |     1 ||    15
       Potion            |     3 |     1 |     5 ||     9
  Eat: Bread ration      |       |     2 |       ||     2
       Beef jerky        |       |     1 |       ||     1
Armor: Scale mail        |    12 |       |       ||    12
       Chain mail        |    13 |   104 |    28 ||   145
Dodge: Dodged            |    15 |    70 |    18 ||   103
Block: Shield            |    28 |    12 |       ||    40
